 Dungeon Crawl Stone Soup version 0.23-a0-612-gcb482e9 (webtiles) character file.

8953 MisterFreud the Slicer (level 11, -1/102 HPs)
             Began as a Kobold Berserker on Dec 21, 2018.
             Was a High Priest of Trog.
             Slain by a troll (9 damage)
             ... on level 11 of the Dungeon.
             The game lasted 00:21:03 (11163 turns).

MisterFreud the Slicer (Kobold Berserker)          Turns: 11163, Time: 00:21:04

Health: -1/102     AC:  4    Str: 21    XL:     11   Next: 65%
Magic:  16/16      EV: 22    Int: 11    God:    Trog [*****.]
Gold:   384        SH:  0    Dex: 14    Spells: 10/10 levels left

rFire    + . .     SeeInvis .   j - +0 rapier (pierce)
rCold    x . .     Gourm    .   (shield restricted)
rNeg     . . .     Faith    +   M - +0 robe {MR+}
rPois    .         Spirit   .   (no helmet)
rElec    .         Reflect  .   J - +0 cloak
rCorr    .         Harm     .   (no gloves)
MR       ++...                  f - +0 pair of boots
Stlth    ..........             z - amulet of faith
HPRegen  0.27/turn              A - ring of protection from magic
MPRegen  0.15/turn              v - ring of fire

@: berserking, very quick
A: small, carnivore
a: Berserk, Trog's Hand, Brothers in Arms, Renounce Religion


You were on level 11 of the Dungeon.
You worshipped Trog.
Trog was extremely pleased with you.
You were full.

You visited 1 branch of the dungeon, and saw 11 of its levels.
You also visited: Bailey.

You collected 664 gold pieces.
You spent 280 gold pieces at shops.

Inventory:

Hand Weapons
 a - a +0 short sword
 e - a +1 dagger of venom
 j - a +0 rapier of piercing (weapon)
 q - a -2 short sword
Missiles
 i - 296 stones (quivered)
 k - 60 sling bullets
 n - 43 poisoned needles
 o - 109 arrows
 y - 10 tomahawks
 B - 34 bolts
 R - a throwing net
 S - 2 exploding tomahawks
Armour
 b - a +0 animal skin
 f - a +0 pair of boots (worn)
 w - the cursed +1 ring mail of the Poles {rC+ Str+5 SInv}
   (You found it on level 4 of the Dungeon)

   It affects your strength (+5).
   It protects you from cold.
   It lets you see invisible.
   It has a curse placed upon it.
 J - a +0 cloak (worn)
 M - a +0 robe of magic resistance (worn)
 Q - a +0 buckler
 U - the +0 leather armour of the Marlin {+Inv rPois MR-}
   (You found it on level 9 of the Dungeon)

   It protects you from poison.
   It affects your resistance to hostile enchantments.
   It lets you turn invisible.
Jewellery
 t - an uncursed ring of ice
 v - a ring of fire (right hand)
 z - an amulet of faith (around neck)
 A - a ring of protection from magic (left hand)
Wands
 d - a wand of acid (11)
 u - a wand of enslavement (4)
 K - a wand of flame (35)
 L - a wand of random effects (26)
 O - a wand of digging (3)
 V - a wand of paralysis (13)
 W - a wand of iceblast (6)
Scrolls
 C - 2 scrolls of remove curse
 I - 4 scrolls of fog
 T - 4 scrolls of teleportation
Potions
 g - 2 potions of invisibility
 h - 4 potions of heal wounds
 l - 3 potions of berserk rage
 m - a potion of magic
 p - a potion of mutation
 r - a potion of haste
 s - a potion of might
 x - 4 potions of curing
 D - 5 potions of lignification
 E - a potion of agility {unknown}
 F - 2 potions of ambrosia
 G - 2 potions of flight
 H - 2 potions of degeneration
Comestibles
 c - 17 rations


   Skills:
 - Level 8.0 Fighting
 + Level 11.6 Short Blades
 - Level 1.5 Armour
 + Level 11.4 Dodging
 - Level 10.4 Stealth
 * Level 7.8 Evocations


You had 10 spell levels left.
You didn't know any spells.
Your spell library was empty.

Dungeon Overview and Level Annotations

Branches:
Dungeon (11/15)            Temple (0/1) D:7             Orc (0/2) D:9
   Lair: D:8-11

Altars:
Ashenzari
Cheibriados
Dithmenos
Elyvilon
Fedhas
Hepliaklqana
Kikubaaqudgha
Makhleb
Okawaru
Qazlal
Ru
Sif Muna
Vehumet
Beogh

Shops:
D:9 *

Annotations:
D:10 2 transporters, ploppy's ghost, journeyman MfTm
D:11 3 runed doors, confidenceinterval's ghost, journeyman GnTm


Innate Abilities, Weirdness & Mutations

You are small and have problems with some larger weapons.
You are carnivorous and can eat meat at any time.


Message History

You closely miss the troll.
The troll is heavily wounded.
The troll bites you!!
* * * LOW HITPOINT WARNING * * *
The troll claws you.
* * * LOW HITPOINT WARNING * * *
The troll claws you.
* * * LOW HITPOINT WARNING * * *
A red film seems to cover your vision as you go berserk!
You feel yourself moving faster!
You feel mighty! The troll completely misses you. The troll closely misses you.
The troll barely misses you.
You completely miss the troll.
The troll is heavily wounded.
You barely miss the troll.
The troll is heavily wounded.
The troll completely misses you. The troll claws you!
* * * LOW HITPOINT WARNING * * *
The troll claws you!
You die...

#..# ###+++###
#.... #.## ##.
.D## ##.## #.# .
..D♣ #.##
#.######≈ .)...
#... ###......#
..D.!♣ ####
#...####.##≈|...#
###.####.###P)♣##
#.#......#
#.#.#.@#
##.#.#.T#
#.......#
#.##.#..# #.
#.#......... #.
..##.#......
#.#.###.###.!..
#.#. ..# ).. #...
..# ..


You could see a troll.

Vanquished Creatures
  An unseen horror (D:11)
  Psyche (D:8)
  Maurice (D:8)
  A gargoyle (D:10)
  2 trolls
  A wyvern (D:8)
  2 hungry ghosts
  16 yaks
  Menkaure (D:5)
  A soldier ant (D:11)
  2 phantoms
  9 orc warriors
  3 ogres (D:10)
  2 centaurs
  A necrophage (D:8)
  2 wyvern zombies
  A big kobold (D:8)
  3 scorpions
  3 wights (D:6)
  4 howler monkeys
  2 crimson imps
  A bullfrog zombie (D:9)
  2 centaur zombies
  5 hounds
  9 orc wizards
  11 orc priests
  A centaur skeleton (D:4)
  7 jellies
  Terence (D:2)
  An iguana (D:8)
  2 worker ants
  4 hound skeletons
  A worker ant zombie (D:10)
  11 gnolls
  14 adders
  A shadow imp (D:10)
  2 dart slugs
  3 worms
  4 leopard geckos
  47 orcs
  4 bats
  3 giant cockroaches
  5 goblins
  8 hobgoblins
  5 jackals
  8 kobolds
  A quokka (D:4)
  3 ball pythons
  4 frilled lizards
  3 quokka skeletons (D:8)
  A quokka zombie (D:7)
  6 rats
237 creatures vanquished.

Vanquished Creatures (others)
  A goblin (D:2)
  A rat (D:2)
2 creatures vanquished.

Grand Total: 239 creatures vanquished

Notes
Turn   | Place    | Note
-------+----------+-------------------------------------------
     0 | D:1      | MisterFreud the Kobold Berserker began the quest for the
                  | Orb.
     0 | D:1      | Reached XP level 1. HP: 14/14 MP: 1/1
   429 | D:1      | Reached skill level 1 in Stealth
   429 | D:1      | Reached XP level 2. HP: 19/19 MP: 2/2
   773 | D:2      | Reached XP level 3. HP: 21/23 MP: 3/3
   780 | D:2      | Reached skill level 5 in Short Blades
   816 | D:2      | Found a white marble altar of Elyvilon.
  1268 | D:2      | Noticed Terence
  1283 | D:2      | Killed Terence
  1283 | D:2      | Reached XP level 4. HP: 14/28 MP: 4/4
  1324 | D:2      | Reached ** piety under Trog
  2001 | D:3      | Reached XP level 5. HP: 28/32 MP: 5/5
  2547 | D:3      | Reached XP level 6. HP: 37/37 MP: 6/6
  2749 | D:4      | Found a burning altar of Makhleb.
  2861 | D:4      | Got an ancient ring mail
  3188 | D:5      | Entered Level 5 of the Dungeon
  3438 | D:5      | Reached skill level 5 in Stealth
  3438 | D:5      | Reached XP level 7. HP: 27/41 MP: 7/7
  3882 | D:5      | Noticed Menkaure
  3889 | D:5      | Killed Menkaure
  4003 | D:5      | Reached XP level 8. HP: 37/46 MP: 8/8
  4025 | D:5      | Found a shattered altar of Ashenzari.
  4048 | D:5      | Reached *** piety under Trog
  4559 | D:6      | Reached skill level 10 in Short Blades
  5451 | D:7      | Noticed a troll
  5459 | D:7      | Killed a troll
  5459 | D:7      | Reached skill level 10 in Stealth
  5505 | D:7      | Identified the cursed +1 ring mail of the Poles {rC+ Str+5
                  | SInv} (You found it on level 4 of the Dungeon)
  5558 | D:7      | Found a radiant altar of Vehumet.
  5561 | D:7      | Reached XP level 9. HP: 51/51 MP: 9/9
  5568 | D:7      | Found an ancient bone altar of Kikubaaqudgha.
  5578 | D:7      | Found a deep blue altar of Sif Muna.
  5581 | D:7      | Reached **** piety under Trog
  5669 | D:7      | Found a snail-covered altar of Cheibriados.
  5829 | D:7      | Found a shadowy altar of Dithmenos.
  6062 | D:7      | Found a staircase to the Ecumenical Temple.
  6141 | D:8      | Noticed Maurice
  6141 | D:8      | Noticed Psyche
  6143 | D:8      | Killed Maurice
  6143 | D:8      | Reached skill level 5 in Dodging
  6161 | D:8      | Killed Psyche
  6161 | D:8      | Reached skill level 5 in Fighting
  6552 | D:8      | Found a flagged portal.
  6582 | Bailey   | Entered a bailey
  6891 | D:8      | Reached XP level 10. HP: 60/60 MP: 10/10
  6948 | D:9      | Found Jennutiu's General Store.
  7319 | D:9      | Bought a scroll of brand weapon for 280 gold pieces
  7756 | D:8      | Reached skill level 10 in Dodging
  7762 | D:8      | Found a hazy altar of Hepliaklqana.
  7929 | D:8      | Found a sacrificial altar of Ru.
  8398 | D:9      | Found a roughly hewn altar of Beogh.
  8398 | D:9      | Found a staircase to the Orcish Mines.
  8692 | D:9      | Reached skill level 1 in Evocations
  8818 | D:9      | Reached ***** piety under Trog
  8899 | D:9      | Identified the +4 fustibalus of Tipef {velocity, +Blink
                  | rElec Str-5 Dex+4}
  8926 | D:9      | Found an iron altar of Okawaru.
  8937 | D:9      | Got a dazzling leather armour
  8948 | D:9      | Identified the +0 leather armour of the Marlin {+Inv rPois
                  | MR-} (You found it on level 9 of the Dungeon)
  8978 | D:9      | Found a blossoming altar of Fedhas.
  8981 | D:9      | Found a stormy altar of Qazlal.
  9391 | D:10     | Entered Level 10 of the Dungeon
  9392 | D:10     | Noticed a gargoyle
  9401 | D:10     | Killed a gargoyle
  9617 | D:10     | Reached XP level 11. HP: 68/68 MP: 12/14
  9980 | D:10     | Reached skill level 5 in Evocations
 10472 | D:10     | Received a gift from Trog
 10537 | D:10     | Found a transporter.
 10538 | D:10     | Noticed a two-headed ogre
 10538 | D:10     | Noticed ploppy's ghost (journeyman MfTm)
 10539 | D:10     | Found a transporter.
 10539 | D:10     | Identified the +2 dire flail of Dual {drain, Stlth+}
 10539 | D:10     | Noticed a two-headed ogre
 10839 | D:11     | Killed an unseen horror
 11111 | D:11     | Found a runed gate.
 11111 | D:11     | Found a runed gate.
 11112 | D:11     | Found a runed gate.
 11112 | D:11     | Noticed confidenceinterval's ghost (journeyman GnTm)
 11113 | D:11     | Noticed a 12-headed hydra
 11163 | D:11     | Slain by a troll

Vault maps used:
D:1:      minmay_arrival_loop, minmay_misc_feat_encased, roderic_roman_lattice
D:2:      elyvilon_altar_4, first_ration, minmay_statues_item, uniq_terence
D:4:      overflow_temple_1_default
D:5:      ashenzari_altar_1, uniq_menkaure
D:7:      palyth_temple_overflow_mages,
          nicolae_dithmenos_through_a_glass_darkly,
          nicolae_overflow_hidden_temple, minmay_temple_entry_enclosed_plants
D:8:      nicolae_ru_path_of_blood, enter_bailey_2, basic_altar, uniq_maurice,
          uniq_psyche
D:9:      grunt_temple_overflow_diamond, david_orc_5, serial_shops, shop
D:10:     gammafunk_ghost_smash, grunt_ogre_cave
D:11:     david_lair_shrubbed, gammafunk_ghost_hydra_chop, stair_cage_line
Bailey:   bailey_polearm_5, bailey

Skill      XL: |  1  2  3  4  5  6  7  8  9 10 11 |
---------------+----------------------------------+-----
Stealth        | 1 2 3 4 5 7 10 | 10.4
Short Blades   | 5 6 7 8 9 10 11 | 11.6
Dodging        | 3 8 10 11 | 11.4
Fighting       | 6 8 |  8.0
Evocations     | 4 7 |  7.8
Armour         | |  1.5

Action                   |  1- 3 |  4- 6 |  7- 9 | 10-12 || total
-------------------------+-------+-------+-------+-------++-------
Melee: Dagger            |    80 |     6 |       |       ||    86
       Short sword       |     7 |   144 |       |       ||   151
       Rapier            |       |    13 |   319 |   458 ||   790
Invok: Berserk           |       |     5 |     9 |    13 ||    27
       Trog's Hand       |       |       |     4 |     3 ||     7
Evoke: Wand              |       |     2 |     4 |     1 ||     7
  Use: Scroll            |       |     6 |     8 |     9 ||    23
       Potion            |       |       |       |     1 ||     1
 Stab: Sleeping          |     2 |    12 |    11 |     9 ||    34
       Distracted        |       |       |       |     2 ||     2
  Eat: Chunk             |     7 |    13 |    18 |    37 ||    75
       Ration            |       |       |       |     2 ||     2
Armor: Animal skin       |     3 |    16 |    27 |       ||    46
       Robe              |       |       |     5 |    16 ||    21
Dodge: Dodged            |    39 |    95 |   221 |   275 ||   630

Table legend:
 A = Non-vault XP
 B = Vault XP
 C = Vault XP percentage of total XP
 D = Non-vault monster count
 E = Vault monster count
 F = Vault count percentage of total count
                 A         B        C        D         E       F
            +---------+---------+-------+---------+---------+-------
      Total |   10893 |    1897 |  14.8 |     206 |      31 |  13.1
            +---------+---------+-------+---------+---------+-------
        D:1 |      25 |       0 |   0.0 |      14 |       0 |   0.0
        D:2 |      44 |      38 |  46.3 |      14 |       1 |   6.7
        D:3 |     170 |       0 |   0.0 |      25 |       0 |   0.0
        D:4 |     178 |       0 |   0.0 |       8 |       0 |   0.0
        D:5 |     504 |     165 |  24.7 |      19 |       1 |   5.0
        D:6 |     469 |       0 |   0.0 |      19 |       0 |   0.0
        D:7 |     524 |     112 |  17.6 |      10 |       3 |  23.1
        D:8 |    2356 |    1066 |  31.2 |      35 |       3 |   7.9
        D:9 |     627 |     392 |  38.5 |       6 |      20 |  76.9
       D:10 |    3977 |     118 |   2.9 |      41 |       1 |   2.4
       D:11 |    2019 |       0 |   0.0 |      15 |       0 |   0.0
     Bailey |       0 |       6 | 100.0 |       0 |       2 | 100.0
            +---------+---------+-------+---------+---------+-------
